3AAA
SIOUX FALLS RED PANDAS @ WILMINGTON BAY HAWKS
05/17/2022
 
TOP OF THE 1ST
Sioux Falls Red Pandas batting - Pitching for Wilmington Bay Hawks : RHP Jim Unknown
Pitching: RHP Jim Unknown
Batting: LHB Thomas Campbell 0-0: Ball
1-0: Ball
2-0: Ball
3-0: Base on Balls
Batting: RHB Domenic Gallard 0-0: Ball
1-0: Ball
2-0: Fly out, F9 (Flyball, 89S)
Batting: RHB Jean Chamissa Pickoff Throw to First - Out!
0-0: Hit by Pitch
Batting: SHB Dan Hunt 0-0: Ball
Jean Chamissa steals 2nd base
1-0: SINGLE (Groundball, 3D)
Jean Chamissa to third
Runner from 3rd tries for Home, SAFE, no throw or cutoff
Batting: RHB Dan Hart 0-0: Ball
1-0: Fly out, F9 (Popup, 9S)
Top of the 1st over - 1 run(s), 1 hit(s), 0 error(s), 1 left on base; Sioux Falls 1 - Wilmington 0
BOTTOM OF THE 1ST
Wilmington Bay Hawks batting - Pitching for Sioux Falls Red Pandas : RHP Ash Hardy
Pitching: RHP Ash Hardy
Batting: SHB Shawn Sánchez 0-0: Ball
1-0: SINGLE (Line Drive, 34)
Batting: RHB Bob McNeil 0-0: Called Strike
0-1: Ball
1-1: Ball
2-1: Called Strike
2-2: Ball
3-2: Foul Ball, location: 2F
3-2: Base on Balls
Shawn Sánchez to second
Batting: LHB Denny Young 0-0: Called Strike
0-1: Foul Ball, location: 2F
0-2: Ball
1-2: Strikes out swinging
Batting: RHB Randolph Davis 0-0: Swinging Strike
0-1: Ball
1-1: DOUBLE (Line Drive, 7LS)
Shawn Sánchez scores
Bob McNeil to third
Batting: LHB En-lai Gao 0-0: Called Strike
0-1: Foul Ball, location: 2F
0-2: SINGLE (Groundball, 3D)
Bob McNeil scores
Randolph Davis to third
Runner from 3rd tries for Home, SAFE, throw made home
En-lai Gao to second
Batting: RHB Lindsay Stewart 0-0: Ball
1-0: Foul Ball, location: 2F
1-1: Called Strike
1-2: Ground out 5-3 (Groundball, 5)
Batting: LHB Phil Parkinson 0-0: Fly out, F6 (Line Drive, 6M)
Bottom of the 1st over - 3 run(s), 3 hit(s), 0 error(s), 1 left on base; Sioux Falls 1 - Wilmington 3
TOP OF THE 2ND
Sioux Falls Red Pandas batting - Pitching for Wilmington Bay Hawks : RHP Jim Unknown
Batting: LHB Pancho Ruíz 0-0: Ball
1-0: Called Strike
1-1: Ball
2-1: Ball
3-1: Foul Ball, location: 2F
3-2: Strikes out swinging
Batting: LHB Francisco Ornelas 0-0: Fly out, F8 (Flyball, 8LD)
Batting: RHB Keith Hatch 0-0: Ball
1-0: Ball
2-0: Called Strike
2-1: Called Strike
2-2: Ground out 6-3 (Groundball, 6)
Top of the 2nd over - 0 run(s), 0 hit(s), 0 error(s), 0 left on base; Sioux Falls 1 - Wilmington 3
BOTTOM OF THE 2ND
Wilmington Bay Hawks batting - Pitching for Sioux Falls Red Pandas : RHP Ash Hardy
Batting: RHB Phil Terry 0-0: Ball
1-0: Foul Ball, location: 2F
1-1: Ground out 5-3 (Groundball, 56S)
Batting: RHB Daniel Cooper 0-0: Fly out, F9 (Flyball, 9LS)
Batting: SHB Shawn Sánchez 0-0: Ball
1-0: Foul Ball, location: 2F
1-1: Ball
2-1: Ground out 4-3 (Groundball, 4)
Bottom of the 2nd over - 0 run(s), 0 hit(s), 0 error(s), 0 left on base; Sioux Falls 1 - Wilmington 3
TOP OF THE 3RD
Sioux Falls Red Pandas batting - Pitching for Wilmington Bay Hawks : RHP Jim Unknown
Batting: RHB Tyrone Graham 0-0: Ball
1-0: Fly out, F4 (Popup, 4)
Batting: LHB Thomas Campbell 0-0: Ball
1-0: Ground out 4-3 (Groundball, 34)
Batting: RHB Domenic Gallard 0-0: Called Strike
0-1: Ball
1-1: Foul Ball, location: 2F
1-2: Strikes out swinging, 2-3 out at first.
Top of the 3rd over - 0 run(s), 0 hit(s), 0 error(s), 0 left on base; Sioux Falls 1 - Wilmington 3
BOTTOM OF THE 3RD
Wilmington Bay Hawks batting - Pitching for Sioux Falls Red Pandas : RHP Ash Hardy
Batting: RHB Bob McNeil 0-0: Called Strike
0-1: DOUBLE (Flyball, 78XD)
Batting: LHB Denny Young 0-0: Ground out U3 (Groundball, 3L)
Bob McNeil to third
Batting: RHB Randolph Davis 0-0: Ball
1-0: Ball
2-0: Ball
3-0: Base on Balls
Batting: LHB En-lai Gao 0-0: Ball
1-0: Ball
2-0: Foul Ball, location: 2F
2-1: Swinging Strike
2-2: Foul Ball, location: 2F
2-2: Foul Ball, location: 2F
2-2: Fly out, F9 (Flyball, 9LMF)
Runner from 3rd tags up, SCORES, throw made
Batting: RHB Lindsay Stewart 0-0: Ball
1-0: Foul Ball, location: 2F
1-1: Ball
2-1: Fielders Choice at 2nd, U6 (Groundball, 6M)
Bottom of the 3rd over - 1 run(s), 1 hit(s), 0 error(s), 1 left on base; Sioux Falls 1 - Wilmington 4
TOP OF THE 4TH
Sioux Falls Red Pandas batting - Pitching for Wilmington Bay Hawks : RHP Jim Unknown
Batting: RHB Jean Chamissa 0-0: Foul Ball, location: 2F
0-1: Called Strike
0-2: Ball
1-2: Ball
2-2: Foul Ball, location: 2F
2-2: Foul Ball, location: 2F
2-2: Fly out, F8 (Flyball, 8LM)
Batting: SHB Dan Hunt 0-0: Swinging Strike
0-1: Swinging Strike
0-2: Fly out, F7 (Flyball, 7S)
Batting: RHB Dan Hart 0-0: Ball
1-0: Called Strike
1-1: Ball
2-1: Foul Ball, location: 2F
2-2: Ground out U3 (Groundball, 3L)
Top of the 4th over - 0 run(s), 0 hit(s), 0 error(s), 0 left on base; Sioux Falls 1 - Wilmington 4
BOTTOM OF THE 4TH
Wilmington Bay Hawks batting - Pitching for Sioux Falls Red Pandas : RHP Ash Hardy
Batting: LHB Phil Parkinson 0-0: Ball
1-0: Fly out, F8 (Flyball, 8RM)
Batting: RHB Phil Terry 0-0: Ball
1-0: Fly out, F9 (Flyball, 89M)
Batting: RHB Daniel Cooper 0-0: Called Strike
0-1: Ball
1-1: Ball
2-1: Ground out 2-3 (Groundball, 2R)
Bottom of the 4th over - 0 run(s), 0 hit(s), 0 error(s), 0 left on base; Sioux Falls 1 - Wilmington 4
TOP OF THE 5TH
Sioux Falls Red Pandas batting - Pitching for Wilmington Bay Hawks : RHP Jim Unknown
Batting: LHB Pancho Ruíz 0-0: Ball
1-0: Foul Ball, location: 2F
1-1: Foul Ball, location: 2F
1-2: Foul Ball, location: 2F
1-2: Strikes out looking
Batting: LHB Francisco Ornelas 0-0: Called Strike
0-1: Called Strike
0-2: Ball
1-2: Strikes out swinging
Batting: RHB Keith Hatch 0-0: Ball
1-0: Ball
2-0: Ball
3-0: Base on Balls
Batting: RHB Tyrone Graham 0-0: Called Strike
0-1: Ball
1-1: Ball
2-1: Ball
3-1: Foul Ball, location: 2F
3-2: Ground out 1-3 (Groundball, 23)
Top of the 5th over - 0 run(s), 0 hit(s), 0 error(s), 1 left on base; Sioux Falls 1 - Wilmington 4
BOTTOM OF THE 5TH
Wilmington Bay Hawks batting - Pitching for Sioux Falls Red Pandas : RHP Ash Hardy
Batting: SHB Shawn Sánchez 0-0: Called Strike
0-1: Foul Ball, location: 2F
0-2: Foul Ball, location: 2F
0-2: Ball
1-2: Ball
2-2: Fly out, F7 (Popup, 7S)
Batting: RHB Bob McNeil 0-0: Called Strike
0-1: Foul Ball, location: 2F
0-2: Ball
1-2: Strikes out swinging
Batting: LHB Denny Young 0-0: Called Strike
0-1: Ball
1-1: Foul Ball, location: 2F
1-2: Foul Ball, location: 2F
1-2: Ball
2-2: Ground out 2-3 (Groundball, 2R)
Bottom of the 5th over - 0 run(s), 0 hit(s), 0 error(s), 0 left on base; Sioux Falls 1 - Wilmington 4
TOP OF THE 6TH
Sioux Falls Red Pandas batting - Pitching for Wilmington Bay Hawks : RHP Jim Unknown
Batting: LHB Thomas Campbell 0-0: Ball
1-0: Called Strike
1-1: Foul Ball, location: 2F
1-2: Ball
2-2: SINGLE (Groundball, 3D)
Batting: RHB Domenic Gallard 0-0: Ball
1-0: Foul Ball, location: 2F
1-1: Called Strike
1-2: Strikes out looking
Batting: RHB Jean Chamissa 0-0: Grounds into double play, 6-4-3 (Groundball, 6)
Top of the 6th over - 0 run(s), 1 hit(s), 0 error(s), 0 left on base; Sioux Falls 1 - Wilmington 4
BOTTOM OF THE 6TH
Wilmington Bay Hawks batting - Pitching for Sioux Falls Red Pandas : RHP Ash Hardy
Pitching: RHP Enrique Franco
Batting: RHB Randolph Davis 0-0: Foul Ball, location: 2F
0-1: Called Strike
0-2: Strikes out swinging
Batting: LHB En-lai Gao 0-0: Ball
1-0: Ball
2-0: Ball
3-0: Base on Balls
Batting: RHB Lindsay Stewart 0-0: Ball
1-0: Ball
2-0: Ball
3-0: Called Strike
3-1: Called Strike
3-2: Strikes out swinging
Throwing error on steal attempt, E2
En-lai Gao to third
Batting: LHB Phil Parkinson 0-0: Called Strike
0-1: Swinging Strike
0-2: Foul Ball, location: 2F
0-2: Ground out 6-3 (Groundball, 6)
Bottom of the 6th over - 0 run(s), 0 hit(s), 1 error(s), 1 left on base; Sioux Falls 1 - Wilmington 4
TOP OF THE 7TH
Sioux Falls Red Pandas batting - Pitching for Wilmington Bay Hawks : RHP Jim Unknown
Batting: SHB Dan Hunt 0-0: Ball
1-0: Foul Ball, location: 2F
1-1: Swinging Strike
1-2: Foul Ball, location: 2F
1-2: Ball
2-2: Fly out, F9 (Flyball, 89M)
Batting: RHB Dan Hart 0-0: Called Strike
0-1: Fly out, F9 (Flyball, 89M)
Batting: LHB Pancho Ruíz 0-0: Called Strike
0-1: SINGLE (Flyball, 8LS)
Batting: LHB Francisco Ornelas 0-0: Fly out, F8 (Flyball, 8RXD)
Top of the 7th over - 0 run(s), 1 hit(s), 0 error(s), 1 left on base; Sioux Falls 1 - Wilmington 4
BOTTOM OF THE 7TH
Wilmington Bay Hawks batting - Pitching for Sioux Falls Red Pandas : RHP Enrique Franco
Batting: RHB Phil Terry 0-0: Ball
1-0: Ball
2-0: Foul Ball, location: 2F
2-1: DOUBLE (Flyball, 89XD)
Batting: RHB Daniel Cooper 0-0: Called Strike
0-1: Ball
1-1: Called Strike
1-2: Strikes out swinging
Batting: SHB Shawn Sánchez 0-0: Ball
1-0: Foul Ball, location: 2F
1-1: Foul Ball, location: 2F
1-2: Ball
2-2: Ball
3-2: SINGLE (Line Drive, 4MD)
Phil Terry to third
Batting: RHB Bob McNeil 0-0: Ball
1-0: Foul Ball, location: 2F
1-1: Ball
2-1: SINGLE (Groundball, 6MD)
Phil Terry scores
Shawn Sánchez to second
Runner from 2nd tries for 3rd, SAFE, throw made to third
Batting: LHB Denny Young 0-0: Grounds into double play, 4-6-3 (Groundball, 4)
Bottom of the 7th over - 1 run(s), 3 hit(s), 0 error(s), 1 left on base; Sioux Falls 1 - Wilmington 5
TOP OF THE 8TH
Sioux Falls Red Pandas batting - Pitching for Wilmington Bay Hawks : RHP Jim Unknown
Batting: RHB Keith Hatch 0-0: Ball
1-0: Called Strike
1-1: Foul Ball, location: 2F
1-2: Ball
2-2: Ball
3-2: SINGLE (Flyball, 8RS)
Batting: RHB Tyrone Graham 0-0: Ball
1-0: Foul Ball, location: 2F
1-1: SINGLE (Line Drive, 78S)
Keith Hatch to second
Batting: LHB Thomas Campbell 0-0: Ball
1-0: Grounds into double play, 4-6-3 (Groundball, 4)
Keith Hatch to third
Batting: RHB Domenic Gallard 0-0: Ball
1-0: Foul Ball, location: 2F
1-1: SINGLE (Line Drive, 6MD)
Keith Hatch scores
Batting: RHB Jean Chamissa 0-0: Ball
1-0: Called Strike
1-1: Ball
2-1: Called Strike
2-2: Ground out 6-3 (Groundball, 6)
Top of the 8th over - 1 run(s), 3 hit(s), 0 error(s), 1 left on base; Sioux Falls 2 - Wilmington 5
BOTTOM OF THE 8TH
Wilmington Bay Hawks batting - Pitching for Sioux Falls Red Pandas : RHP Enrique Franco
Batting: RHB Randolph Davis 0-0: SINGLE (Line Drive, 56D)
Batting: LHB En-lai Gao 0-0: Foul Ball, location: 2F
0-1: Ball
1-1: Ball
2-1: Ball
3-1: Called Strike
3-2: Base on Balls
Randolph Davis to second
Batting: RHB Lindsay Stewart 0-0: Ball
1-0: Swinging Strike
1-1: Called Strike
1-2: Fly out, F9 (Flyball, 9S)
Batting: LHB Phil Parkinson 0-0: Called Strike
0-1: Ball
1-1: Ball
2-1: Ball
3-1: Base on Balls
Randolph Davis to third
En-lai Gao to second
Pitching: RHP Jim Unknown
Pinch Hitting: LHB Edgardo Téllez 0-0: Ball
1-0: Grounds into double play, 4-6-3 (Groundball, 4)
Bottom of the 8th over - 0 run(s), 1 hit(s), 0 error(s), 2 left on base; Sioux Falls 2 - Wilmington 5
TOP OF THE 9TH
Sioux Falls Red Pandas batting - Pitching for Wilmington Bay Hawks : RHP Jim Unknown
Pitching: LHP Dan Drew
Now at 2B: Jim Unknown
Batting: SHB Dan Hunt 0-0: Called Strike
0-1: Ball
1-1: Swinging Strike
1-2: Strikes out swinging
Batting: RHB Dan Hart 0-0: Ball
1-0: SINGLE (Groundball, 6M)
Batting: LHB Pancho Ruíz 0-0: Ball
1-0: Ball
2-0: Swinging Strike
2-1: Called Strike
2-2: Ball
3-2: Base on Balls
Dan Hart to second
Pinch Hitting: RHB Kazunori Ito 0-0: Ball
1-0: Called Strike
1-1: Ball
2-1: Called Strike
2-2: Ball
3-2: Foul Ball, location: 2F
3-2: Foul Ball, location: 2F
3-2: Base on Balls
Dan Hart to third
Pancho Ruíz to second
Batting: RHB Keith Hatch 0-0: Ball
1-0: Called Strike
1-1: Swinging Strike
1-2: Strikes out swinging
Batting: RHB Tyrone Graham 0-0: Ball
1-0: Ball
2-0: Ball
3-0: Called Strike
3-1: Base on Balls
Dan Hart scores
Pancho Ruíz to third
Kazunori Ito to second
Batting: LHB Thomas Campbell 0-0: Fly out, F8 (Flyball, 8RM)
Top of the 9th over - 1 run(s), 1 hit(s), 0 error(s), 3 left on base; Sioux Falls 3 - Wilmington 5
This league is powered by Out of the Park Baseball, the baseball management simulation game for PC, Mac and Linux
Friday, April 15th, 2016 - OOTP Baseball 16.9 Build 39